 Dungeon Crawl Stone Soup version 0.27-a0-295-ge1136d6ca4 (webtiles) character file.

Game seed: 17948671081205241368

6692 Leibowitz the Cleaver (level 10, -16/91 HPs)
             Began as a Minotaur Berserker on Feb 10, 2021.
             Was an Elder of Trog.
             Demolished by a very large slime creature (41 damage)
             ... on level 13 of the Dungeon.
             The game lasted 00:21:49 (9790 turns).

Leibowitz the Cleaver (Minotaur Berserker)          Turns: 9790, Time: 00:21:50

Health: -16/91     AC: 14    Str: 24    XL:     10   Next: 74%
Magic:  9/9        EV: 19    Int:  4    God:    Trog [****..]
Gold:   500        SH:  0    Dex: 11    Spells: 9/9 levels left

rFire    . . .     SeeInvis .   K - +0 battleaxe
rCold    . . .     Faith    .   (shield currently unavailable)
rNeg     . . .     Spirit   .   I - +2 steam dragon scales
rPois    .         Reflect  .   (helmet restricted)
rElec    .         Harm     .   (no cloak)
rCorr    .         Rampage  .   t - +0 pair of gloves
Will     .....                  (no boots)
Stlth    +.........             r - amulet of inaccuracy
HPRegen  0.25/turn              c - +4 ring of protection
MPRegen  0.11/turn              u - +4 ring of evasion

@: berserk cooldown, slowed, very slow
A: retaliatory headbutt, horns 2
a: Renounce Religion, Berserk, Trog's Hand, Brothers in Arms


You were on level 13 of the Dungeon.
You worshipped Trog.
Trog was greatly pleased with you.
You visited 2 branches of the dungeon, and saw 12 of its levels.

You collected 588 gold pieces.
You spent 88 gold pieces at shops.

Inventory:

Hand Weapons
 a - a -1 war axe
 K - a +0 battleaxe (weapon)
Missiles
 x - 5 curare-tipped darts (quivered)
 E - a throwing net
Armour
 t - a +0 pair of gloves (worn)
 I - +2 steam dragon scales (worn)
Jewellery
 c - a +4 ring of protection (left hand)
 h - an uncursed ring of see invisible
 r - an amulet of inaccuracy (around neck)
 u - a +4 ring of evasion (right hand)
Wands
 C - a wand of iceblast (22)
 H - a wand of flame (36)
Scrolls
 d - 10 scrolls of identify
 i - 3 scrolls of fear
 j - 2 scrolls of magic mapping
 k - 4 scrolls of noise
 m - 7 scrolls of remove curse
 n - a scroll of fog {unknown}
 v - a scroll of enchant armour {unknown}
 w - 2 scrolls of teleportation {unknown}
 y - a scroll of blinking {unknown}
 A - a scroll of torment {unknown}
 B - a scroll of enchant weapon {unknown}
 D - a scroll of summoning {unknown}
 G - a scroll of brand weapon {unknown}
 J - a scroll of amnesia {unknown}
Potions
 b - 2 potions of haste {unknown}
 e - 3 potions of attraction {unknown}
 f - 2 potions of brilliance {unknown}
 g - 3 potions of magic {unknown}
 l - 2 potions of degeneration {unknown}
 o - a potion of curing {unknown}
 p - 2 potions of mutation {unknown}
 q - a potion of might {unknown}
 s - 2 potions of heal wounds
 z - a potion of invisibility {unknown}
 F - a potion of ambrosia {unknown}


   Skills:
 * Level 9.0 Fighting
 * Level 12.7 Axes
 + Level 1.3 Throwing
 * Level 10.1 Armour
 * Level 7.4 Dodging


You had 9 spell levels left.
You didn't know any spells.
Your spell library contained the following spells:

 Spells                   Type           Power        Failure   Level
 Foxfire                  Conj/Fire      0%           50%         1
 Conjure Flame            Conj/Fire      0%           86%         3
 Inner Flame              Hex/Fire       0%           86%         3
 Sticky Flame             Conj/Fire      0%           99%         4
 Fireball                 Conj/Fire      0%           100%        5


Dungeon Overview and Level Annotations

Branches:
Dungeon (13/15)            Temple (1/1) D:6
   Lair: D:8-11         Orc: D:9-12      Vaults: D:13-14

Altars:
Ashenzari
Cheibriados
Dithmenos
Elyvilon
Fedhas
Gozag
Hepliaklqana
Kikubaaqudgha
Makhleb
Nemelex Xobeh
Okawaru
Qazlal
Ru
Trog
Uskayaw
Vehumet
Wu Jian
Xom
Yredelemnul
Zin
The Shining One

Shops:
D:4 *

Annotations:
D:8 2 transporters, mokwee's ghost, novice OpVM


Innate Abilities, Weirdness & Mutations

You reflexively headbutt those who attack you in melee.
You have a pair of horns on your head.


Message History

You closely miss the skeletal warrior.
The skeletal warrior is lightly damaged.
The skeletal warrior hits you with a +0 dire flail!
You slice the skeletal warrior!!
The skeletal warrior is heavily damaged.
The skeletal warrior hits you with a +0 dire flail!
The skeletal warrior barely misses you.
You closely miss the skeletal warrior.
Your headbutt misses the skeletal warrior.
The skeletal warrior is heavily damaged.
The skeletal warrior hits you with a +0 dire flail.
You miss the skeletal warrior.
The skeletal warrior is heavily damaged.
The skeletal warrior closely misses you.
You furiously retaliate!
You headbutt the skeletal warrior, but do no damage.
The skeletal warrior closely misses you.
You slash the skeletal warrior!
Your headbutt misses the skeletal warrior.
The skeletal warrior is severely damaged.
The skeletal warrior hits you with a +0 dire flail!
* * * LOW HITPOINT WARNING * * *
You feel much better. The skeletal warrior barely misses you.
You slash the skeletal warrior!
The skeletal warrior is almost destroyed.
The skeletal warrior hits you with a +0 dire flail!
The skeletal warrior hits you with a +0 dire flail!!
* * * LOW HITPOINT WARNING * * *
You feel much better.
The skeletal warrior hits you but does no damage. x2
You hit the skeletal warrior but do no damage.
You headbutt the skeletal warrior, but do no damage.
The skeletal warrior is almost destroyed.
The skeletal warrior hits you with a +0 dire flail.
* * * LOW HITPOINT WARNING * * *
You slice the skeletal warrior!!
You destroy the skeletal warrior!
Trog accepts your kill.
The very large slime creature hits you!!!
You die...

### ####### #.# #.....#
#@# #.....# #J# #.....#
#.####.....#
#zzF.......###
#WK....).......
#########..............
.......................
......................#
......................#


You could see 2 skeletal warriors, a very large slime creature, a phantom and a
kobold.

Vanquished Creatures
  A two-headed ogre (D:8)
  2 skeletal warriors (D:13)
  An ugly thing (D:6)
  Maggie (D:7)
  Psyche (D:8)
  Grinder (D:3)
  2 steam dragons (D:6)
  A water moccasin (D:5)
  A sky beast (D:8)
  An ice beast (D:8)
  An orc warrior (D:7)
  3 ogres
  2 necrophages
  3 centaurs
  3 phantoms
  5 bullfrogs
  A water moccasin zombie (D:7)
  5 scorpions
  23 killer bees
  5 wights (D:8)
  5 howler monkeys
  A bullfrog zombie (D:8)
  2 orc priests
  3 hounds
  3 jellies
  Natasha (twice) (D:2)
  3 orc wizards
  2 worker ants (D:5)
  A hound zombie (D:6)
  A worker ant zombie (D:6)
  6 adders
  A shadow imp (D:5)
  An ufetubus (D:4)
  3 oozes
  An adder zombie (D:8)
  An adder skeleton (D:8)
  4 worms
  A dart slug (D:2)
  5 leopard geckos
  13 orcs
  4 giant cockroaches
  12 goblins
  6 hobgoblins
  6 jackals
  4 quokkas
  3 ball pythons
  8 bats
  7 frilled lizards
  A jackal zombie (D:5)
  7 kobolds
  6 rats
186 creatures vanquished.

Vanquished Creatures (collateral kills)
  A skeletal warrior (D:13)
  A slime creature (D:13)
2 creatures vanquished.

Vanquished Creatures (others)
  10 fungi (D:6)
10 creatures vanquished.

Grand Total: 198 creatures vanquished

Notes
Turn   | Place    | Note
-------+----------+-------------------------------------------
     0 | D:1      | Leibowitz the Minotaur Berserker began the quest for the
                  | Orb.
     0 | D:1      | Reached XP level 1. HP: 19/19 MP: 0/0
   127 | D:1      | Reached skill level 4 in Axes
   127 | D:1      | Reached XP level 2. HP: 27/27 MP: 1/1
  1086 | D:2      | Noticed Natasha
  1087 | D:2      | Reached XP level 3. HP: 33/33 MP: 2/2
  1097 | D:2      | Killed Natasha
  1179 | D:2      | Found a snail-covered altar of Cheibriados.
  1191 | D:2      | Reached ** piety under Trog
  1206 | D:2      | Found a glowing golden altar of the Shining One.
  1354 | D:2      | Reached XP level 4. HP: 41/41 MP: 3/3
  1410 | D:2      | Noticed Natasha
  1416 | D:2      | Killed Natasha
  1570 | D:3      | Reached skill level 5 in Axes
  1625 | D:3      | Found a basalt altar of Yredelemnul.
  1860 | D:3      | Noticed Grinder
  1872 | D:3      | Killed Grinder
  1873 | D:3      | Reached skill level 5 in Fighting
  1873 | D:3      | Reached skill level 6 in Axes
  1873 | D:3      | Reached XP level 5. HP: 14/48 MP: 4/4
  1873 | D:3      | Reached XP level 6. HP: 17/56 MP: 5/5
  2681 | D:3      | Found an ornate altar of the Wu Jian Council.
  2694 | D:3      | Found a radiant altar of Vehumet.
  3084 | D:4      | Reached skill level 7 in Axes
  3084 | D:4      | Reached XP level 7. HP: 57/61 MP: 6/6
  3350 | D:4      | Found Vonefyss's General Store.
  3355 | D:4      | Bought a potion of heal wounds for 55 gold pieces
  3355 | D:4      | Bought a scroll of remove curse for 33 gold pieces
  3480 | D:4      | Found a glowing golden altar of the Shining One.
  3655 | D:5      | Entered Level 5 of the Dungeon
  3998 | D:5      | Reached skill level 5 in Armour
  4072 | D:5      | Reached *** piety under Trog
  4136 | D:5      | Reached skill level 8 in Axes
  4345 | D:5      | Reached XP level 8. HP: 46/70 MP: 7/7
  5195 | D:6      | Reached skill level 9 in Axes
  5634 | D:6      | Found a staircase to the Ecumenical Temple.
  5662 | Temple   | Entered the Ecumenical Temple
  6715 | D:7      | Noticed a brown ugly thing
  6759 | D:6      | Killed a brown ugly thing
  6760 | D:6      | Reached skill level 5 in Dodging
  6760 | D:6      | Reached XP level 9. HP: 20/79 MP: 8/8
  7059 | D:7      | Reached skill level 10 in Axes
  7250 | D:7      | Found an iron altar of Okawaru.
  7491 | D:7      | Found a broken altar of Ashenzari.
  7498 | D:7      | Reached **** piety under Trog
  7523 | D:7      | Found a hazy altar of Hepliaklqana.
  7790 | D:7      | Found an ancient bone altar of Kikubaaqudgha.
  7869 | D:7      | Noticed Maggie
  7904 | D:7      | Killed Maggie
  7905 | D:7      | Reached skill level 11 in Axes
  8102 | D:8      | Found a shadowy altar of Dithmenos.
  8103 | D:8      | Noticed Psyche
  8277 | D:8      | Noticed a queen bee
  8283 | D:8      | Noticed mokwee's ghost (novice OpVM)
  8321 | D:8      | Killed Psyche
  8322 | D:8      | Reached XP level 10. HP: 88/88 MP: 9/9
  8333 | D:8      | Noticed a two-headed ogre
  8345 | D:8      | Killed a two-headed ogre
  8346 | D:8      | Reached skill level 1 in Throwing
  8362 | D:8      | Reached skill level 12 in Axes
  9033 | D:8      | Found a shimmering altar of Xom.
  9206 | D:8      | Found a transporter.
  9211 | D:8      | Found a transporter.
  9640 | D:9      | Found a hide-covered altar of Uskayaw.
  9737 | D:9      | You fall into a shaft and drop 3 floors!
  9738 | D:12     | Noticed a six-headed hydra
  9748 | D:13     | Noticed a skeletal warrior
  9750 | D:13     | Noticed a skeletal warrior
  9750 | D:13     | Noticed a skeletal warrior
  9756 | D:13     | Noticed a skeletal warrior
  9756 | D:13     | Killed a skeletal warrior
  9757 | D:13     | Reached skill level 10 in Armour
  9758 | D:13     | Noticed a skeletal warrior
  9762 | D:13     | Killed a skeletal warrior
  9790 | D:13     | Killed a skeletal warrior
  9790 | D:13     | Demolished by a very large slime creature

Illustrated notes

Levels and vault maps discovered:
D:1:      matt_arrival_spirals, layout_basic, minmay_misc_feat_iff,
          hangedman_decor_peaks_small
D:2:      layout_basic, lemuel_round_altar, kennysheep_slug_shrine,
          hangedman_decor_growths, minmay_cupped, uniq_natasha
D:3:      layout_basic, old_standard_altar, minitemple, serial_glass,
          glass_columns_b, glass_columns_a, uniq_grinder
D:4:      layout_loops_ring, serial_shops, shop, nicolae_tso_swordbearing_angel
D:5:      layout_gridville, grunt_decor_mini_mirrors
D:6:      kennysheep_steamy, layout_layer_cave,
          minmay_temple_entry_statues_fountains
D:7:      layout_basic, marbit_many_paths, kennysheep_mini_moat,
          lemuel_round_altar, basic_altar, uniq_maggie
D:8:      layout_basic, old_standard_altar, nicolae_dithmenos_the_darkroom,
          gammafunk_ghost_hive, uniq_psyche
D:9:      layout_irregular_city, led_sif_book, overflow_temple_1_default,
          serial_column_ruins, column_ruins_square_small,
          column_ruins_square_small, column_ruins_open_tiny,
          column_ruins_open_tiny, column_ruins_grid_4,
          column_ruins_corridor_straight, st_stairs_8, okawaru_altar_gauntlet_db
D:12:     layout_loops_ring, special_room [special_room_orc]
D:13:     layout_irregular_city
Temple:   compressed_dpeg_circular_temple

Skill      XL: |  1  2  3  4  5  6  7  8  9 10 |
---------------+-------------------------------+-----
Axes           | 4 6 7 8 9 11 12 | 12.7
Fighting       | 4 5 6 7 8 9 |  9.0
Armour         | 3 4 6 8 9 10 | 10.1
Dodging        | 3 4 5 7 |  7.4
Throwing       | 1 |  1.3

Action                   |  1- 3 |  4- 6 |  7- 9 | 10-12 || total
-------------------------+-------+-------+-------+-------++-------
Melee: Hand axe          |    45 |       |       |       ||    45
       Headbutt          |     9 |    15 |    48 |    24 ||    96
       War axe           |    10 |   106 |   336 |   156 ||   608
       Battleaxe         |       |       |       |     8 ||     8
Throw: Dart              |       |       |     8 |     2 ||    10
Invok: Berserk           |       |     1 |     4 |     1 ||     6
       Trog's Hand       |       |       |     2 |     1 ||     3
       Brothers in Arms  |       |       |       |     1 ||     1
Evoke: Wand              |       |       |     1 |       ||     1
  Use: Potion            |       |       |     1 |     3 ||     4
       Scroll            |       |       |       |     4 ||     4
 Stab: Sleeping          |       |       |       |     2 ||     2
Armor: Leather armour    |     5 |       |       |       ||     5
       Animal skin       |     3 |       |       |       ||     3
       Ring mail         |     9 |       |       |       ||     9
       Scale mail        |    10 |     3 |       |       ||    13
       Chain mail        |       |    46 |   130 |       ||   176
       Steam dragon scal |       |       |     3 |    50 ||    53
Dodge: Dodged            |    43 |    89 |   271 |   173 ||   576

Table legend: (Time is in decaauts)
 A = Elapsed time spent in this place.
 B = Non-inter-level travel time spent in this place.
 C = Inter-level travel time spent in this place.
 D = Time resting spent in this place.
 E = Time spent auto-exploring this place.
 F = Levels seen in this place.
 G = Mean time per level.
                   A        B        C        D        E       F      G
               +--------+--------+--------+--------+--------+-----+--------+
         Total |   9872 |   9648 |    224 |   1661 |   6310 |  12 |  822.7 |
       Dungeon |   9786 |   9571 |    215 |   1661 |   6234 |  11 |  889.6 |
        Temple |     86 |     77 |      9 |      0 |     76 |   1 |   86.0 |
               +--------+--------+--------+--------+--------+-----+--------+

Top non-repeatable levels by time:
     D:6: 1810 daAuts
     D:8: 1482 daAuts
     D:3: 1465 daAuts
     D:5: 1195 daAuts
     D:7: 1072 daAuts
     D:4: 946 daAuts
     D:1: 935 daAuts
     D:2: 636 daAuts
     D:9: 181 daAuts
  Temple: 86 daAuts
    D:13: 53 daAuts
    D:12: 5 daAuts
